 Dungeon Crawl Stone Soup version 0.22.0 (webtiles) character file.

99 MTVSty1e the Cudgeler (level 4, -4/28 HPs)
             Began as a Gargoyle Monk on Aug 11, 2018.
             Slain by a gnoll
             ... wielding a cursed +0 flail
              (12 damage)
             ... on level 2 of the Dungeon.
             The game lasted 00:02:19 (1199 turns).

MTVSty1e the Cudgeler (Gargoyle Monk)               Turns: 1199, Time: 00:02:19

Health: -4/28      AC:  8    Str: 15    XL:     4   Next: 72%
Magic:  4/4        EV: 11    Int: 11    God:
Gold:   31         SH:  0    Dex: 12    Spells: 3/3 levels left

rFire    . . .     SeeInvis .   i - +0 whip
rCold    . . .     Gourm    +   (no shield)
rNeg     + . .     Faith    .   e - +0 ring mail
rPois    ∞         Spirit   .   (no helmet)
rElec    +         Reflect  .   (no cloak)
rCorr    .         Harm     .   (no gloves)
MR       .....                  (no boots)
Stlth    +.........             h - amulet of the gourmand
HPRegen  0.09/turn              (no ring)
MPRegen  0.09/turn              (no ring)

@: no status effects
A: negative energy resistance 1, electricity resistance, unbreathing,
petrification resistance, rot immunity, AC +3
a: no special abilities


You were on level 2 of the Dungeon.
You were not hungry.

You visited 1 branch of the dungeon, and saw 2 of its levels.

You collected 31 gold pieces.

Inventory:

Hand Weapons
 a - a +0 mace
 i - a +0 whip (weapon)
Armour
 b - a +0 robe
 e - a +0 ring mail (worn)
Jewellery
 h - an amulet of the gourmand (around neck)
Scrolls
 d - a scroll of teleportation {unknown}
 f - 3 scrolls of identify {unknown}
 k - a scroll of magic mapping {unknown}
 l - a scroll of blinking {unknown}
Potions
 g - a potion of curing
 j - a potion of berserk rage {unknown}
Comestibles
 c - 3 rations


   Skills:
 - Level 3.2 Fighting
 + Level 5.3 Maces & Flails
 - Level 2.4 Dodging
 - Level 2.1 Stealth


You had 3 spell levels left.
You didn't know any spells.
Your spell library was empty.

Dungeon Overview and Level Annotations

Branches:
Dungeon (2/15)

Altars:
Zin


Innate Abilities, Weirdness & Mutations

You are resistant to torment.
Your stone body is resilient. (AC +3)
You are immune to poison.
You resist negative energy. (rN+)
You are resistant to electric shocks. (rElec)
You can survive without breathing.
You are immune to petrification.
You are immune to rotting.


Message History

You are too injured to fight recklessly!
You are too injured to fight recklessly!
You are too injured to fight recklessly!
You are too injured to fight recklessly!
You are too injured to fight recklessly!
You are too injured to fight recklessly!
You are too injured to fight recklessly!
You are too injured to fight recklessly!
You are too injured to fight recklessly!
You are too injured to fight recklessly!
It was a potion of curing.
You feel better.
A gnoll comes into view. It is wielding a whip.
The gnoll hits you with a flail.
* * * LOW HITPOINT WARNING * * *
You hit the gnoll.
The gnoll is heavily wounded.
You closely miss the gnoll.
The gnoll is heavily wounded.
The gnoll hits you with a flail!
You die...

### #### .. #.. #... #.#
#.###... #.#. #.#.....
#.#.#####.#.....
#.#........†....
#.#.............
.########.#...........##
gggg.gg@..#...........#
.########.#.....#.#...#
#...#.....#.#...#
#.#.#.....#.#####
#.#.#..†..#.#
#.#.#.....#..
#.#.#.....########
#.#.#.#####......#
######.#.#.#####.####.#


You could see a gnoll shaman and 5 gnolls.

Vanquished Creatures
  A water moccasin skeleton (D:2)
  2 adders (D:2)
  A leopard gecko (D:1)
  4 bats
  3 giant cockroaches
  7 goblins
  5 hobgoblins (D:1)
  5 kobolds
  2 rats
30 creatures vanquished.

Notes
Turn   | Place    | Note
-------+----------+-------------------------------------------
     0 | D:1      | MTVSty1e the Gargoyle Monk began the quest for the Orb.
     0 | D:1      | Reached XP level 1. HP: 14/14 MP: 1/1
   292 | D:1      | Reached XP level 2. HP: 16/19 MP: 2/2
   523 | D:1      | Reached skill level 4 in Maces & Flails
   807 | D:2      | Reached XP level 3. HP: 23/23 MP: 3/3
   896 | D:2      | Found a glowing silver altar of Zin.
  1149 | D:2      | Reached skill level 5 in Maces & Flails
  1149 | D:2      | Reached XP level 4. HP: 17/28 MP: 4/4
  1199 | D:2      | Slain by a gnoll

Skill      XL: |  1  2  3 |
---------------+----------+-----
Maces & Flails | 4 5 |  5.3
Fighting       | |  3.2
Dodging        | |  2.4
Stealth        | |  2.1

Action                   |  1- 3 |  4- 6 || total
-------------------------+-------+-------++-------
Melee: Mace              |    64 |       ||    64
       Whip              |    66 |     4 ||    70
  Use: Potion            |       |     1 ||     1
 Stab: Sleeping          |     1 |       ||     1
  Eat: Ration            |     1 |       ||     1
Armor: Ring mail         |    49 |       ||    49
       Robe              |     1 |       ||     1
Dodge: Dodged            |    75 |       ||    75
